 Dungeon Crawl Stone Soup version 0.30.1-11-g7821555f0a (webtiles) character file.

Game seed: 18284531089787265163

1132 porpoise the Skirmisher (level 8, -3/65 HPs)
             Began as a Barachi Hunter on Dec 18, 2023.
             Slain by a troll (7 damage)
             ... on level 5 of the Dungeon.
             The game lasted 00:10:50 (4589 turns).

porpoise the Skirmisher (Barachi Hunter)            Turns: 4589, Time: 00:10:50

Health: -3/65      AC:  7    Str: 13    XL:     8   Next: 36%
Magic:  8/8        EV: 17    Int: 10    God:
Gold:   157        SH:  0    Dex: 17    Spells: 3/7 levels left

rFire   . . .        a - +0 shortbow
rCold   . . .        (shield currently unavailable)
rNeg    . . .        c - +0 leather armour
rPois   .            (no helmet)
rElec   .            (no cloak)
rCorr   .            (no gloves)
SInv    .            (no boots)
Will    .....        h - amulet of regeneration
Stlth   ++           g - +5 ring of evasion
HPRegen 1.10/turn    j - +4 ring of protection
MPRegen 0.11/turn

%: no passive effects
@: slow
A: amphibious, slowness 1, strong legs 1, +LOS
a: Hop


You were on level 5 of the Dungeon.
You visited 1 branch of the dungeon, and saw 6 of its levels.

You collected 157 gold pieces.

Inventory:

Hand Weapons
 a - a +0 shortbow (weapon)
 b - a +3 short sword
Missiles
 s - 8 poisoned darts
 w - 3 boomerangs
Armour
 c - a +0 leather armour (worn)
Jewellery
 g - a +5 ring of evasion (left hand)
 h - an amulet of regeneration (around neck)
 j - a +4 ring of protection (right hand)
 n - a ring of resist corrosion
 p - a ring of positive energy
 u - a +6 ring of intelligence
 v - a +4 ring of protection
Wands
 t - a wand of iceblast (8)
 z - a wand of polymorph (7)
 A - a wand of paralysis (8)
Scrolls
 e - a scroll of identify {unknown}
 f - a scroll of brand weapon {unknown}
 i - 4 scrolls of poison
 l - a scroll of enchant weapon {unknown}
 m - a scroll of fog {unknown}
 o - a scroll of vulnerability {unknown}
 q - 3 scrolls of amnesia {unknown}
 x - a scroll of teleportation {unknown}
 y - a scroll of blinking {unknown}
 B - a scroll of immolation
Potions
 d - a potion of ambrosia
 k - a potion of degeneration {unknown}
 r - a potion of lignification


   Skills:
 + Level 6.8 Fighting
 * Level 8.6 Ranged Weapons
 - Level 2.1 Dodging
 - Level 0.8 Stealth
 + Level 2.6 Evocations


You had 3 spell levels left.
You knew the following spells:

 Your Spells              Type           Power      Damage    Failure   Level
e - Ensorcelled Hibernat  Hex/Ice        0%         N/A       58%         2
w - Wereblood             Tmut           0%         N/A       58%         2

Your spell library contained the following spells:

 Spells                   Type           Power      Damage    Failure   Level
 Beastly Appendage        Tmut           0%         N/A       43%         1
 Passwall                 Tmut/Erth      0%         N/A       58%         2
 Sublimation of Blood     Necr           0%         N/A       58%         2
 Spider Form              Tmut/Pois      0%         N/A       82%         3
 Summon Guardian Golem    Hex/Summ       0%         N/A       82%         3
 Swiftness                Air            0%         N/A       82%         3
 Orb of Destruction       Conj           0%         9d5       100%        7
 Spellforged Servitor     Conj/Summ      0%         N/A       100%        7
 Summon Hydra             Summ           0%         N/A       100%        7


Dungeon Overview and Level Annotations

Branches:
Dungeon (6/15)
 Temple: D:4-7

Altars:
Ashenzari
Nemelex Xobeh
Okawaru
Vehumet
Yredelemnul
The Shining One


Innate Abilities, Weirdness & Mutations

You are amphibious.
You cover ground slowly.
You can hop short distances.
You have an extended range of vision and can be seen from far away.


Message History

You shoot an arrow. The arrow hits the white imp.
You kill the white imp!
The troll closely misses you. The troll barely misses you.
The troll closely misses you.
You shoot an arrow. The arrow closely misses the troll.
The troll barely misses you. x2; The troll closely misses you.
You shoot an arrow. The arrow hits the troll.
The troll is lightly wounded.
The troll bites you but does no damage. The troll misses you.
The troll claws you.
You shoot an arrow. The arrow hits the troll!
The troll is moderately wounded.
The troll bites you. The troll claws you. The troll misses you.
You shoot an arrow. The arrow hits the troll.
The troll is moderately wounded.
The troll misses you. The troll claws you but does no damage.
The troll claws you.
You shoot an arrow. The arrow hits the troll.
The troll is moderately wounded.
The troll closely misses you. The troll barely misses you. The troll claws you.
You shoot an arrow. The arrow hits the troll!
The troll is severely wounded.
The troll misses you. x2; The troll barely misses you.
Okay, then.
You shoot an arrow. The arrow closely misses the troll.
The troll bites you! The troll claws you.
The troll claws you but does no damage.
You shoot an arrow. The arrow completely misses the troll.
The troll completely misses you. The troll claws you! The troll claws you.
* * * LOW HITPOINT WARNING * * *
The troll misses you. x2; The troll claws you.
* * * LOW HITPOINT WARNING * * *
You shoot an arrow. The arrow hits the troll!
The troll is almost dead.
The troll bites you!
* * * LOW HITPOINT WARNING * * *
The troll closely misses you. The troll barely misses you.
You shoot an arrow. The arrow hits the troll.
The troll is almost dead.
The troll bites you!
You die...

#.# #.# #.# #)# #.#
#)# ####### ..#
#.....#
################.#.#
...............T@..#
......##########.###
......# #.# ......#
#.# ......# #.#
......###### #.#
###........# #.#
#........# #.#
#........# #.#


You could see a troll.

Vanquished Creatures
  A black bear (D:3)
  An orc warrior (D:5)
  A phantom (D:5)
  A kobold brigand (D:3)
  A bullfrog (D:5)
  A scorpion (D:5)
  5 wights (D:5)
  3 hounds
  4 iguanas
  2 orc wizards (D:5)
  6 adders
  A white imp (D:5)
  6 worms
  2 dart slugs
  19 orcs
  6 bats
  9 endoplasms
  3 giant cockroaches
  6 hobgoblins
  2 jackals (D:1)
  2 quokkas
  6 ball pythons
  4 frilled lizards
  7 goblins
  8 kobolds
  5 rats
112 creatures vanquished.

Notes
Turn   | Place    | Note
-------+----------+-------------------------------------------
     0 | D:1      | porpoise the Barachi Hunter began the quest for the Orb.
     0 | D:1      | Reached XP level 1. HP: 17/17 MP: 1/1
   123 | D:1      | Reached XP level 2. HP: 23/23 MP: 2/2
   680 | D:2      | Reached XP level 3. HP: 29/29 MP: 3/3
  1296 | D:2      | Reached skill level 5 in Ranged Weapons
  1332 | D:2      | Learned a level 2 spell: Ensorcelled Hibernation
  1794 | D:3      | Reached XP level 4. HP: 35/35 MP: 4/4
  2311 | D:3      | Noticed a black bear
  2321 | D:3      | Killed a black bear
  2322 | D:3      | Reached XP level 5. HP: 34/42 MP: 5/5
  2384 | D:3      | Learned a level 2 spell: Wereblood
  2531 | D:3      | Found a basalt altar of Yredelemnul.
  2539 | D:3      | Reached skill level 6 in Ranged Weapons
  2697 | D:4      | Noticed a kobold brigand
  2713 | D:3      | Killed a kobold brigand
  2714 | D:3      | Reached XP level 6. HP: 50/50 MP: 6/6
  2962 | D:4      | Reached skill level 5 in Fighting
  3011 | D:4      | Found a broken altar of Ashenzari.
  3011 | D:4      | Found a sparkling altar of Nemelex Xobeh.
  3359 | D:5      | Entered Level 5 of the Dungeon
  3378 | D:4      | Reached skill level 7 in Ranged Weapons
  3456 | D:5      | Reached XP level 7. HP: 56/56 MP: 7/7
  3802 | D:5      | Reached skill level 8 in Ranged Weapons
  3802 | D:5      | Reached skill level 1 in Evocations
  3817 | D:5      | Reached XP level 8. HP: 54/65 MP: 8/8
  3927 | D:5      | HP: 1/65 [orc warrior/+0 dire flail (10)]
  4461 | D:5      | Found a glowing golden altar of the Shining One.
  4470 | D:5      | Found an iron altar of Okawaru.
  4567 | D:6      | Found a radiant altar of Vehumet.
  4567 | D:6      | Noticed a troll
  4588 | D:5      | HP: 3/65 [troll (17)]
  4589 | D:5      | Slain by a troll

Illustrated notes

Levels and vault maps discovered:
D:1:      elethiomel_arrival_shortcut, layout_rooms
D:2:      layout_basic
D:3:      layout_loops_ring, mainiacjoe_overflow_chevrons
D:4:      layout_rooms, grunt_temple_overflow_open, serial_rivers,
          chequers_serial_rivers_small_b, chequers_serial_rivers_micro_e,
          chequers_serial_rivers_micro_d, chequers_serial_rivers_micro_a,
          chequers_serial_rivers_small_b
D:5:      layout_basic, mainiacjoe_overflow_swirl
D:6:      layout_loops_ring, nicolae_vehumet_radiance, kennysheep_mini,
          minmay_temple_entry_butterflies, serial_co_window_serial,
          co_window_corner_a, co_window_corner_a, co_window_paths_a,
          co_window_paths_a, co_window_of_opportunity_a, co_window_paths_b,
          co_window_broadway_a, co_window_unsneaky_path_a, co_window_cross_3,
          co_window_unsneaky_path_c, glass_columns_a, glass_columns_a,
          lightli_minifort

Skill      XL: |  1  2  3  4  5  6  7  8 |
---------------+-------------------------+-----
Fighting       | 3 4 5 6 |  6.8
Ranged Weapons | 5 6 7 8 |  8.6
Evocations     | 1 2 |  2.6
Dodging        | |  2.1
Stealth        | |  0.8

Action                     |  1- 3 |  4- 6 |  7- 9 || total
---------------------------+-------+-------+-------++-------
   Fire: Shortbow          |    91 |   205 |   126 ||   422
  Evoke: Wand              |       |       |     4 ||     4
    Use: Scroll            |     1 |       |       ||     1
         Potion            |       |       |     5 ||     5
 Armour: Leather armour    |     3 |    22 |    11 ||    36
         Skin              |       |       |     5 ||     5
  Dodge: Dodged            |    31 |   117 |    65 ||   213
